 Dungeon Crawl Stone Soup version 0.26-a0-1213-gd52f5182fe (webtiles) character file.

Game seed: 7856178311372613247

417 HoaS the Cleaver (level 6, 0/50 HPs)
             Began as a Minotaur Gladiator on Dec 30, 2020.
             Slain by a vampire (10 damage)
             ... on level 4 of the Dungeon.
             The game lasted 00:07:02 (2585 turns).

HoaS the Cleaver (Minotaur Gladiator)               Turns: 2585, Time: 00:07:03

Health: 0/50       AC:  9    Str: 21    XL:     6   Next: 61%
Magic:  5/5        EV: 11    Int:  5    God:
Gold:   231        SH:  0    Dex: 11    Spells: 5/5 levels left

rFire    . . .     SeeInvis .   a - +0 war axe
rCold    . . .     Faith    .   (no shield)
rNeg     . . .     Spirit   .   i - +2 scale mail {rPois}
rPois    +         Reflect  .   c - +0 hat
rElec    .         Harm     .   (no cloak)
rCorr    .         Rampage  .   m - +0 pair of gloves (curse)
Will     .....                  (no boots)
Stlth    ..........             j - amulet of the acrobat
HPRegen  0.16/turn              (no ring)
MPRegen  0.09/turn              (no ring)

@: no status effects
A: retaliatory headbutt, horns 2
a: no special abilities


You were on level 4 of the Dungeon.
You visited 1 branch of the dungeon, and saw 4 of its levels.

You collected 231 gold pieces.

Inventory:

Hand Weapons
 a - a +0 war axe (weapon)
Missiles
 d - 3 throwing nets (quivered)
 e - 11 poisoned darts
 l - 2 datura-tipped darts
Armour
 c - a +0 hat (worn)
 i - a +2 scale mail of poison resistance (worn)
 m - a cursed +0 pair of gloves (worn)
Jewellery
 j - an amulet of the acrobat (around neck)
Scrolls
 b - 7 scrolls of identify
Potions
 f - 2 potions of flight
 g - a potion of heal wounds
 h - a potion of invisibility
 k - a potion of attraction
 n - a potion of lignification


   Skills:
 - Level 2.4 Fighting
 + Level 9.1 Axes
 - Level 2.0 Throwing
 - Level 3.2 Dodging


You had 5 spell levels left.
You didn't know any spells.
Your spell library was empty.

Dungeon Overview and Level Annotations

Branches:
Dungeon (4/15)
 Temple: D:4-7

Altars:
Nemelex Xobeh
Xom


Innate Abilities, Weirdness & Mutations

You reflexively headbutt those who attack you in melee.
You have a pair of horns on your head.


Message History

You barely miss the leopard gecko. You headbutt the leopard gecko.
You kill the leopard gecko!
You hit something. Something barely misses you.
Something bites you but does no damage.
You barely miss something. Your headbutt misses something.
Something hits you but does no damage. Something bites you!
Something draws strength from your injuries!
You hit something but do no damage. Something hits you. Something bites you.
Something draws strength from your injuries!
You hit something. Something completely misses you. Something bites you.
Something draws strength from your injuries!
You miss something. Something hits you. Something bites you.
Something draws strength from your injuries!
You barely miss something. Your headbutt misses something.
Something hits you but does no damage. Something bites you.
Something draws strength from your injuries!
You barely miss something. Something hits you.
* * * LOW HITPOINT WARNING * * *
Something bites you!
You die...

##### #...########
######## #.#.........
#......#######.#.........
+.....$+.......+<........
#......#######.#........)
#....!.# #(......[.#'###
#......####...##.####.###
+......†@..............>#
#......####...###'##.....
#......# #...#..........
#......# #...#..........
#......# #...#.........#
........# #...#.........#
.....#### #...#[).......#
.....
######...#))........
.....
#...................


There were no monsters in sight!

Vanquished Creatures
  An iguana (D:4)
  An orc priest (D:3)
  5 orc wizards
  Jessica (D:2)
  Natasha (thrice) (D:3)
  2 adders
  A worm (D:2)
  A dart slug (D:1)
  6 leopard geckos
  19 orcs
  A ball python (D:1)
  5 giant cockroaches
  6 goblins
  4 hobgoblins
  7 jackals
  4 kobolds
  3 bats
  4 frilled lizards
  5 rats
  A bush (D:2)
80 creatures vanquished.

Vanquished Creatures (others)
  5 plants (D:2)
5 creatures vanquished.

Grand Total: 85 creatures vanquished

Notes
Turn   | Place    | Note
-------+----------+-------------------------------------------
     0 | D:1      | HoaS the Minotaur Gladiator began the quest for the Orb.
     0 | D:1      | Reached XP level 1. HP: 18/18 MP: 0/0
    99 | D:1      | Reached skill level 4 in Axes
   181 | D:1      | Reached XP level 2. HP: 19/25 MP: 1/1
   710 | D:2      | Found a shimmering altar of Xom.
   711 | D:2      | Found a shimmering altar of Xom.
   712 | D:2      | Found a shimmering altar of Xom.
   719 | D:2      | Found a shimmering altar of Xom.
   719 | D:2      | Found a shimmering altar of Xom.
   724 | D:2      | Reached skill level 5 in Axes
   813 | D:2      | Found a sparkling altar of Nemelex Xobeh.
   813 | D:2      | Noticed Jessica
   817 | D:2      | Killed Jessica
   818 | D:2      | Reached XP level 3. HP: 29/30 MP: 2/2
  1535 | D:3      | Noticed Natasha
  1541 | D:3      | Killed Natasha
  1542 | D:3      | Reached skill level 6 in Axes
  1542 | D:3      | Reached XP level 4. HP: 21/37 MP: 3/3
  1762 | D:3      | Reached skill level 7 in Axes
  1762 | D:3      | Reached XP level 5. HP: 28/42 MP: 4/4
  1873 | D:3      | Noticed Natasha
  1878 | D:3      | Killed Natasha
  1947 | D:3      | Noticed Natasha
  1952 | D:3      | Killed Natasha
  2061 | D:3      | Reached skill level 8 in Axes
  2180 | D:4      | Reached XP level 6. HP: 46/50 MP: 5/5
  2495 | D:4      | Reached skill level 9 in Axes
  2570 | D:4      | Noticed a vampire
  2585 | D:4      | Slain by a vampire

Illustrated notes

Levels and vault maps discovered:
D:1:      enne_arrival_octagon_isle, layout_loops_ring
D:2:      layout_loops_ring, xom_redecorated, serial_forest,
          infiniplex_forest_zigzag_2, infiniplex_forest_clump_medium,
          infiniplex_forest_end_2, infiniplex_forest_end_2,
          infiniplex_forest_lined_3, nemelex_lonely_heart_becter
D:3:      layout_rooms, uniq_natasha
D:4:      layout_basic

Skill      XL: |  1  2  3  4  5  6 |
---------------+-------------------+-----
Axes           | 4 5 6 7 8 9 |  9.1
Fighting       | |  2.4
Throwing       | |  2.0
Dodging        | |  3.2

Action                   |  1- 3 |  4- 6 || total
-------------------------+-------+-------++-------
Melee: War axe           |   120 |    95 ||   215
       Headbutt          |    39 |    23 ||    62
  Use: Scroll            |     9 |     3 ||    12
Armor: Ring mail         |    15 |     2 ||    17
       Chain mail        |       |    18 ||    18
       Scale mail        |       |    15 ||    15
Dodge: Dodged            |    48 |    52 ||   100

Table legend: (Time is in decaauts)
 A = Elapsed time spent in this place.
 B = Non-inter-level travel time spent in this place.
 C = Inter-level travel time spent in this place.
 D = Time resting spent in this place.
 E = Time spent auto-exploring this place.
 F = Levels seen in this place.
 G = Mean time per level.
                   A        B        C        D        E       F      G
               +--------+--------+--------+--------+--------+-----+--------+
         Total |   2635 |   2496 |    139 |    389 |   1570 |   4 |  658.8 |
       Dungeon |   2635 |   2496 |    139 |    389 |   1570 |   4 |  658.8 |
               +--------+--------+--------+--------+--------+-----+--------+

Top non-repeatable levels by time:
     D:2: 941 daAuts
     D:3: 643 daAuts
     D:1: 627 daAuts
     D:4: 422 daAuts
